PCL
VANCOUVER VIPERS @ SANTA MONICA BRUINS
09/30/2023
 
TOP OF THE 1ST
Vancouver Vipers batting - Pitching for Santa Monica Bruins : RHP Duane Carlson
Pitching: RHP Duane Carlson
Batting: RHB Guillermo Sánchez 0-0: Ball
1-0: Foul Ball, location: 2F
1-1: Swinging Strike
1-2: Ball
2-2: Ball
3-2: DOUBLE (Line Drive, 3L)
Batting: LHB Cipriano Miranda 0-0: Ball
1-0: Ground out U3 (Groundball, 3L)
Guillermo Sánchez to third
Batting: RHB Dan Tyler 0-0: Called Strike
0-1: Ground out 4-3 (Groundball, 4M)
Guillermo Sánchez scores
Batting: SHB Henry Copeland 0-0: Ball
1-0: Ball
2-0: Swinging Strike
2-1: Foul Ball, location: 2F
2-2: Ball
3-2: Strikes out looking
Top of the 1st over - 1 run(s), 1 hit(s), 0 error(s), 0 left on base; Vancouver 1 - Santa Monica 0
BOTTOM OF THE 1ST
Santa Monica Bruins batting - Pitching for Vancouver Vipers : RHP Gustavo Ramos
Pitching: RHP Gustavo Ramos
Batting: RHB Iván De Jesús 0-0: Ball
1-0: Ground out 4-3 (Groundball, 4)
Batting: RHB Beco Lombo 0-0: Called Strike
0-1: Foul Ball, location: 2F
0-2: Ball
1-2: Strikes out swinging
Batting: LHB Patrick Osborne 0-0: Swinging Strike
0-1: DOUBLE (Flyball, 78D)
Batting: LHB Germán Charfauros 0-0: DOUBLE (Flyball, 8LXD)
Patrick Osborne scores
Batting: RHB Javier Deleón 0-0: Ball
Wild Pitch!
Germán Charfauros to third
1-0: Called Strike
1-1: Ball
2-1: Called Strike
2-2: Foul Ball, location: 2F
2-2: Foul Ball, location: 2F
2-2: Strikes out swinging
Bottom of the 1st over - 1 run(s), 2 hit(s), 0 error(s), 1 left on base; Vancouver 1 - Santa Monica 1
TOP OF THE 2ND
Vancouver Vipers batting - Pitching for Santa Monica Bruins : RHP Duane Carlson
Batting: RHB Cal Rogers 0-0: Called Strike
0-1: Ball
1-1: Called Strike
1-2: Strikes out looking
Batting: RHB Júlio Figueroa 0-0: Ball
1-0: SINGLE (Groundball, 56D)
Batting: RHB Pedro Fuentes 0-0: Foul Ball, location: 2F
0-1: Called Strike
0-2: Fly out, F9 (Flyball, 89M)
Batting: RHB Tomás Estrada 0-0: Ball
1-0: Fly out, F5 (Popup, 5SF)
Top of the 2nd over - 0 run(s), 1 hit(s), 0 error(s), 1 left on base; Vancouver 1 - Santa Monica 1
BOTTOM OF THE 2ND
Santa Monica Bruins batting - Pitching for Vancouver Vipers : RHP Gustavo Ramos
Batting: LHB Ken Poche 0-0: Ball
1-0: Ball
2-0: Foul Ball, location: 2F
2-1: Foul Ball, location: 2F
2-2: Strikes out swinging
Batting: RHB Danny Crouch 0-0: Swinging Strike
0-1: Ball
1-1: Ball
2-1: Called Strike
2-2: Foul Ball, location: 2F
2-2: SINGLE (Line Drive, 4MD)
Batting: RHB Pablo Peña 0-0: Foul Ball, location: 2F
0-1: Called Strike
0-2: Foul Ball, location: 2F
0-2: SINGLE (Flyball, 78S)
Danny Crouch to second
Batting: RHB Salvador Salas 0-0: Ball
1-0: Swinging Strike
1-1: Ball
2-1: DOUBLE (Line Drive, 56)
Danny Crouch scores
Pablo Peña to third
Runner from 3rd tries for Home, SAFE, throw made home
Batting: RHB Iván De Jesús 0-0: Called Strike
0-1: Ball
1-1: Swinging Strike
1-2: Ball
2-2: Strikes out swinging
Batting: RHB Beco Lombo 0-0: Foul Ball, location: 2F
0-1: Foul Ball, location: 2F
0-2: Strikes out swinging
Bottom of the 2nd over - 2 run(s), 3 hit(s), 0 error(s), 1 left on base; Vancouver 1 - Santa Monica 3
TOP OF THE 3RD
Vancouver Vipers batting - Pitching for Santa Monica Bruins : RHP Duane Carlson
Batting: RHB Kenneth Corbitt 0-0: Called Strike
0-1: Ball
1-1: Ball
2-1: Ball
3-1: Base on Balls
Batting: RHB Guillermo Sánchez 0-0: Swinging Strike
0-1: Swinging Strike
0-2: Strikes out swinging
Batting: LHB Cipriano Miranda 0-0: Called Strike
0-1: Swinging Strike
0-2: Foul Ball, location: 2F
0-2: Foul Ball, location: 2F
0-2: Strikes out looking
Batting: RHB Dan Tyler 0-0: Called Strike
0-1: Foul Ball, location: 2F
0-2: Strikes out swinging
Top of the 3rd over - 0 run(s), 0 hit(s), 0 error(s), 1 left on base; Vancouver 1 - Santa Monica 3
BOTTOM OF THE 3RD
Santa Monica Bruins batting - Pitching for Vancouver Vipers : RHP Gustavo Ramos
Batting: LHB Patrick Osborne 0-0: Called Strike
0-1: Foul Ball, location: 2F
0-2: Strikes out looking
Batting: LHB Germán Charfauros 0-0: Foul Ball, location: 2F
0-1: Swinging Strike
0-2: Strikes out looking
Batting: RHB Javier Deleón 0-0: Ball
1-0: Swinging Strike
1-1: Ball
2-1: Foul Ball, location: 2F
2-2: Fly out, F3 (Popup, 34)
Bottom of the 3rd over - 0 run(s), 0 hit(s), 0 error(s), 0 left on base; Vancouver 1 - Santa Monica 3
TOP OF THE 4TH
Vancouver Vipers batting - Pitching for Santa Monica Bruins : RHP Duane Carlson
Batting: SHB Henry Copeland 0-0: Ball
1-0: Fly out, F6 (Popup, 6MD)
Batting: RHB Cal Rogers 0-0: Swinging Strike
0-1: Called Strike
0-2: Ball
1-2: Ball
2-2: Foul Ball, location: 2F
2-2: Strikes out swinging
Batting: RHB Júlio Figueroa 0-0: Ball
1-0: Foul Ball, location: 2F
1-1: Ball
2-1: SINGLE (Line Drive, 8LS)
Batting: RHB Pedro Fuentes 0-0: Called Strike
0-1: Ball
1-1: Fielders Choice at 2nd, U4 (Groundball, 4M)
Top of the 4th over - 0 run(s), 1 hit(s), 0 error(s), 1 left on base; Vancouver 1 - Santa Monica 3
BOTTOM OF THE 4TH
Santa Monica Bruins batting - Pitching for Vancouver Vipers : RHP Gustavo Ramos
Batting: LHB Ken Poche 0-0: Called Strike
0-1: Foul Ball, location: 2F
0-2: Ball
1-2: Foul Ball, location: 2F
1-2: Ball
2-2: Ball
3-2: Strikes out swinging
Batting: RHB Danny Crouch 0-0: Foul Ball, location: 2F
0-1: Swinging Strike
0-2: Ball
1-2: Ball
2-2: Ball
3-2: Base on Balls
Batting: RHB Pablo Peña 0-0: Ball
1-0: Swinging Strike
1-1: Called Strike
1-2: Ball
2-2: Ball
3-2: Strikes out swinging
Batting: RHB Salvador Salas 0-0: Ball
1-0: Ground out 4-3 (Groundball, 4)
Bottom of the 4th over - 0 run(s), 0 hit(s), 0 error(s), 1 left on base; Vancouver 1 - Santa Monica 3
TOP OF THE 5TH
Vancouver Vipers batting - Pitching for Santa Monica Bruins : RHP Duane Carlson
Batting: RHB Tomás Estrada 0-0: Fly out, F7 (Flyball, 7M)
Batting: RHB Kenneth Corbitt 0-0: Called Strike
0-1: Ball
1-1: Fly out, F9 (Flyball, 89S)
Batting: RHB Guillermo Sánchez 0-0: Ball
1-0: Called Strike
1-1: Ball
2-1: Called Strike
2-2: SINGLE (Flyball, 9LS)
Batting: LHB Cipriano Miranda 0-0: Ball
1-0: Ball
2-0: Ball
3-0: Called Strike
3-1: TRIPLE (Line Drive, 8RM)
Guillermo Sánchez scores
Batting: RHB Dan Tyler 0-0: 2-RUN HOME RUN (Flyball, 8RXD), Distance : 413 ft
Batting: SHB Henry Copeland 0-0: Called Strike
0-1: Foul Ball, location: 2F
0-2: Ball
1-2: Ball
2-2: Ball
3-2: SINGLE (Groundball, 34)
Batting: RHB Cal Rogers 0-0: Fly out, F9 (Flyball, 89D)
Top of the 5th over - 3 run(s), 4 hit(s), 0 error(s), 1 left on base; Vancouver 4 - Santa Monica 3
BOTTOM OF THE 5TH
Santa Monica Bruins batting - Pitching for Vancouver Vipers : RHP Gustavo Ramos
Batting: RHB Iván De Jesús 0-0: Called Strike
0-1: Called Strike
0-2: Ball
1-2: Foul Ball, location: 2F
1-2: Ball
2-2: Fly out, F4 (Popup, 4)
Batting: RHB Beco Lombo 0-0: SOLO HOME RUN (Line Drive, 89XD), Distance : 407 ft
Batting: LHB Patrick Osborne 0-0: Foul Ball, location: 2F
0-1: Called Strike
0-2: Ball
1-2: Ball
2-2: Ground out U3 (Groundball, 3)
Batting: LHB Germán Charfauros 0-0: Ball
1-0: Foul Ball, location: 2F
1-1: Called Strike
1-2: SOLO HOME RUN (Flyball, 8RXD), Distance : 427 ft
Batting: RHB Javier Deleón 0-0: SINGLE (Line Drive, 6MD)
Pitching: RHP José Vargas
Batting: LHB Ken Poche 0-0: Called Strike
0-1: Ball
1-1: Ball
2-1: Foul Ball, location: 2F
2-2: Ball
Javier Deleón steals 2nd base
3-2: Base on Balls
Batting: RHB Danny Crouch 0-0: Called Strike
0-1: Ground out 1-3 (Groundball, 15S)
Bottom of the 5th over - 2 run(s), 3 hit(s), 0 error(s), 2 left on base; Vancouver 4 - Santa Monica 5
TOP OF THE 6TH
Vancouver Vipers batting - Pitching for Santa Monica Bruins : RHP Duane Carlson
Batting: RHB Júlio Figueroa 0-0: Called Strike
0-1: Swinging Strike
0-2: SOLO HOME RUN (Flyball, 7D), Distance : 364 ft
Batting: RHB Pedro Fuentes 0-0: Swinging Strike
0-1: Called Strike
0-2: Strikes out swinging
Batting: RHB Tomás Estrada 0-0: Ball
1-0: Ball
2-0: Ball
3-0: Called Strike
3-1: Foul Ball, location: 2F
3-2: Foul Ball, location: 2F
3-2: SINGLE (Groundball, 6D)
Batting: RHB Kenneth Corbitt 0-0: Called Strike
Tomás Estrada steals 2nd base
0-1: Ground out 6-3 (Groundball, 6)
Tomás Estrada to third
Batting: RHB Guillermo Sánchez 0-0: Ball
1-0: Foul Ball, location: 2F
1-1: Ball
2-1: Foul Ball, location: 2F
2-2: Foul Ball, location: 2F
2-2: Ball
3-2: Fly out, F9 (Flyball, 9LM)
Top of the 6th over - 1 run(s), 2 hit(s), 0 error(s), 1 left on base; Vancouver 5 - Santa Monica 5
BOTTOM OF THE 6TH
Santa Monica Bruins batting - Pitching for Vancouver Vipers : RHP José Vargas
Batting: RHB Pablo Peña 0-0: Foul Ball, location: 2F
0-1: Ball
1-1: Ball
2-1: Called Strike
2-2: Foul Ball, location: 2F
2-2: Ball
3-2: Base on Balls
Batting: RHB Salvador Salas 0-0: Ball
1-0: Called Strike
1-1: Ball
2-1: Swinging Strike
2-2: Strikes out swinging
Batting: RHB Iván De Jesús 0-0: Ball
1-0: Ball
2-0: Foul Ball, location: 2F
2-1: SINGLE (Line Drive, 9LS)
Pablo Peña to second
Runner from 2nd tries for 3rd, SAFE, throw made to third
Batting: RHB Beco Lombo 0-0: Ball
1-0: Called Strike
1-1: Called Strike
Iván De Jesús steals 2nd base
1-2: Strikes out looking
Batting: LHB Patrick Osborne 0-0: Called Strike
0-1: Ball
1-1: SINGLE (Groundball, 56)
Pablo Peña scores
Iván De Jesús to third
Runner from 3rd tries for Home, SAFE, no throw or cutoff
Batting: LHB Germán Charfauros 0-0: Swinging Strike
0-1: Ball
1-1: Foul Ball, location: 2F
1-2: Ball
Patrick Osborne is caught stealing 2nd base
Bottom of the 6th over - 2 run(s), 2 hit(s), 0 error(s), 0 left on base; Vancouver 5 - Santa Monica 7
TOP OF THE 7TH
Vancouver Vipers batting - Pitching for Santa Monica Bruins : RHP Duane Carlson
Pitching: RHP Javier Correa
Batting: LHB Cipriano Miranda 0-0: Ball
1-0: SOLO HOME RUN (Flyball, 8RXD), Distance : 411 ft
Batting: RHB Dan Tyler 0-0: Ball
1-0: Swinging Strike
1-1: Swinging Strike
1-2: Ball
2-2: Strikes out looking
Batting: SHB Henry Copeland 0-0: Called Strike
0-1: Ground out U3 (Groundball, 3S)
Batting: RHB Cal Rogers 0-0: Called Strike
0-1: Ball
1-1: Swinging Strike
1-2: Ball
2-2: Ground out 4-3 (Groundball, 4)
Top of the 7th over - 1 run(s), 1 hit(s), 0 error(s), 0 left on base; Vancouver 6 - Santa Monica 7
BOTTOM OF THE 7TH
Santa Monica Bruins batting - Pitching for Vancouver Vipers : RHP José Vargas
Batting: LHB Germán Charfauros 0-0: Ball
1-0: Called Strike
1-1: Called Strike
1-2: Foul Ball, location: 2F
1-2: Ball
2-2: Foul Ball, location: 2F
2-2: Ball
3-2: Foul Ball, location: 2F
3-2: Foul Ball, location: 2F
3-2: Fly out, F5 (Line Drive, 5SF)
Pitching: LHP Artie Nelson
Batting: RHB Javier Deleón 0-0: Ball
1-0: Foul Ball, location: 2F
1-1: Ball
2-1: Ball
3-1: Foul Ball, location: 2F
3-2: Base on Balls
Pinch Hitting: RHB Miguel Moreno 0-0: Ball
1-0: Foul Ball, location: 2F
1-1: Ball
2-1: Foul Ball, location: 2F
2-2: Ball
3-2: Base on Balls
Javier Deleón to second
Pitching: RHP Jeff Lynn
Batting: RHB Danny Crouch 0-0: Ball
1-0: Ball
2-0: Called Strike
2-1: SINGLE (Groundball, 6MD)
Javier Deleón to third
Miguel Moreno to second
Runner from 3rd tries for Home, SAFE, no throw or cutoff
Batting: RHB Pablo Peña 0-0: Ball
1-0: Foul Ball, location: 2F
1-1: Grounds into double play, 6-4-3 (Groundball, 6)
Bottom of the 7th over - 1 run(s), 1 hit(s), 0 error(s), 1 left on base; Vancouver 6 - Santa Monica 8
TOP OF THE 8TH
Vancouver Vipers batting - Pitching for Santa Monica Bruins : RHP Javier Correa
Now in RF: Motoshige Yagi
Batting: RHB Júlio Figueroa 0-0: Ball
1-0: Ball
2-0: Called Strike
2-1: Swinging Strike
2-2: Ball
3-2: SINGLE (Groundball, 6)
Pitching: RHP José Betancourt
Batting: RHB Pedro Fuentes 0-0: Foul Ball, location: 2F
0-1: Ball
1-1: Fly out, F2 (Popup, 2RF)
Batting: RHB Tomás Estrada 0-0: Ball
1-0: Ball
2-0: Ball
3-0: Called Strike
3-1: Foul Ball, location: 2F
3-2: Base on Balls
Júlio Figueroa to second
Pinch Hitting: LHB Ray Spencer 0-0: Fly out, F8 (Flyball, 8LS)
Batting: RHB Guillermo Sánchez 0-0: Fly out, F1 (Line Drive, 13S)
Top of the 8th over - 0 run(s), 1 hit(s), 0 error(s), 2 left on base; Vancouver 6 - Santa Monica 8
BOTTOM OF THE 8TH
Santa Monica Bruins batting - Pitching for Vancouver Vipers : RHP Jeff Lynn
Now at SS: Francisco Rodríguez
Batting: RHB Salvador Salas 0-0: Called Strike
0-1: Swinging Strike
0-2: Strikes out swinging
Batting: RHB Iván De Jesús 0-0: Ball
1-0: Ball
2-0: Called Strike
2-1: Foul Ball, location: 2F
2-2: Foul Ball, location: 2F
2-2: Foul Ball, location: 2F
2-2: Strikes out swinging
Pitching: RHP Álex Villegas
Batting: RHB Beco Lombo 0-0: Foul Ball, location: 2F
0-1: Ball
1-1: Ball
2-1: Swinging Strike
2-2: Foul Ball, location: 2F
2-2: Strikes out swinging
Bottom of the 8th over - 0 run(s), 0 hit(s), 0 error(s), 0 left on base; Vancouver 6 - Santa Monica 8
TOP OF THE 9TH
Vancouver Vipers batting - Pitching for Santa Monica Bruins : RHP José Betancourt
Pitching: RHP Manuel López
Now at 1B: Bill Savage
Now at 2B: Kuniaki Kawashima
Batting: LHB Cipriano Miranda 0-0: SINGLE (Flyball, 78S)
Batting: RHB Dan Tyler 0-0: SINGLE (Flyball, 78S)
Cipriano Miranda to second
Batting: SHB Henry Copeland 0-0: Called Strike
0-1: Swinging Strike
0-2: Fly out, F7 (Flyball, 78M)
Pinch Hitting: RHB Mario López 0-0: Grounds into double play, 6-4-3 (Groundball, 6)
Top of the 9th over - 0 run(s), 2 hit(s), 0 error(s), 1 left on base; Vancouver 6 - Santa Monica 8
This league is powered by Out of the Park Baseball, the baseball management simulation game for PC, Mac and Linux
Wednesday, December 2nd, 2015 - OOTP Baseball 16.8 Build 38